 Dungeon Crawl Stone Soup version 0.31-a0-692-gf03d1854d5 (webtiles) character file.

Game seed: 16822843904599370039

98 qw the Shooter (level 4, 0/28 HPs)
             Began as a Gargoyle Hunter on Sept 6, 2023.
             Blown up by Ijyb (10 damage)
             ... with a mindburst bolt
             ... on level 3 of the Dungeon.
             The game lasted 00:00:45 (1749 turns).

qw the Shooter (Gargoyle Hunter)                    Turns: 1749, Time: 00:00:46

Health: 0/28       AC:  8    Str: 15    XL:     4   Next: 69%
Magic:  4/4        EV: 11    Int:  9    God:
Gold:   130        SH:  0    Dex: 15    Spells: 3/3 levels left

rFire   . . .        Y - +0 shortbow
rCold   . . .        (shield currently unavailable)
rNeg    + . .        k - +0 ring mail
rPois   inf          (no helmet)
rElec   +            (no cloak)
rCorr   .            (no gloves)
SInv    +            (no boots)
Will    .....        (no amulet)
Stlth   +            i - ring of see invisible
HPRegen 0.24/turn    (no ring)
MPRegen 0.09/turn

%: no passive effects
@: no status effects
A: sickness immunity, AC +3, negative energy resistance 1, electricity
resistance, torment resistance 1, petrification resistance
a: no special abilities


You were on level 3 of the Dungeon.
You visited 1 branch of the dungeon, and saw 3 of its levels.

You collected 130 gold pieces.


Innate Abilities, Weirdness & Mutations

You are immune to sickness and miasma.
Your stone body is resilient. (AC +3)
You are immune to poison.
You resist negative energy. (rN+)
You are resistant to electric shocks. (rElec)
You are resistant to unholy torment.
You are immune to petrification.


   Skills:
 - Level 3.0 Fighting
 - Level 5.6 Ranged Weapons
 + Level 0.2 Armour
 - Level 1.5 Dodging
 - Level 1.1 Stealth


You had 3 spell levels left.
You didn't know any spells.
Your spell library was empty.

Inventory:

Hand Weapons
 Y - a +0 shortbow (weapon)
Armour
 k - a +0 ring mail (worn)
Jewellery
 i - a ring of see invisible (left hand)
Scrolls
 a - a scroll of identify
Potions
 b - a potion of mutation {unknown}
 d - a potion of curing
 f - a potion of invisibility {unknown}
 g - a potion of magic {unknown}
 h - a potion of enlightenment

Dungeon Overview and Level Annotations

Branches:
Dungeon (3/15)

Altars:

Annotations:
D:3 Ijyb


Message History

There is an open door here.
You are starting to lose your buoyancy.
You reach down and open the door.
There is an open door here.
You float gracefully downwards.
Your enlightenment fades.
There is a stone staircase leading down here.
You climb downwards.
Found a scroll of identify and 7 gold pieces.
There is a stone staircase leading up here.
Waypoint 2 assigned to D:3.
a - a scroll of identify You now have 117 gold pieces (gained 7).
A hobgoblin comes into view.
You shoot an arrow. The arrow hits the hobgoblin.
The hobgoblin shouts!
The hobgoblin is lightly wounded.
You shoot an arrow. The arrow closely misses the hobgoblin.
You shoot an arrow. The arrow hits the hobgoblin.
The hobgoblin is severely wounded.
You shoot an arrow. The arrow hits the hobgoblin.
You kill the hobgoblin!
You now have 130 gold pieces (gained 13).
You open the door.
There is an open door here.
A goblin comes into view. It is wielding a +0 dagger.
You shoot an arrow. The arrow hits the goblin.
The goblin shouts!
The goblin is heavily wounded.
You hear a shout!
You shoot an arrow. The arrow hits the goblin!
You kill the goblin!
Ijyb the Twisted Goblin comes into view.
She is wielding a +6 dagger of speed and carrying a wand of mindburst.
You shoot an arrow. The arrow hits Ijyb but does no damage.
Ijyb zaps a wand.
Your mind is blasted!
Ouch! That really hurt!
You shoot an arrow. The arrow barely misses Ijyb.
You shoot an arrow. The arrow barely misses Ijyb.
Ijyb zaps a wand.
Your mind is blasted!
You die...

#.....#.............
#.....##############
#...............
#....###########
###'## #.# #.# #.#
#@# #.# ... g.).#
.....# ......#
...!...# #.......#


You could see Ijyb.

Vanquished Creatures
  3 adders (D:2)
  A dart slug (D:1)
  An orc (D:2)
  2 ball pythons
  3 bats
  9 endoplasms
  2 giant cockroaches
  6 goblins
  5 hobgoblins
  5 jackals
  7 kobolds
  5 quokkas
  6 frilled lizards
  3 rats
58 creatures vanquished.

Notes
Turn   | Place    | Note
-------+----------+-------------------------------------------
     0 | D:1      | qw the Gargoyle Hunter began the quest for the Orb.
     0 | D:1      | Reached XP level 1. HP: 12/12 MP: 1/1
     0 | D:1      | 0 ||| qw: Version: 0.3-a-76-g4403597
     0 | D:1      | 0 ||| qw: Game counter: 110
     0 | D:1      | 0 ||| qw: Melee chars always use a shield: true
     0 | D:1      | 0 ||| qw: God list: Okawaru
     0 | D:1      | 0 ||| qw: Allow faded altars: false
     0 | D:1      | 0 ||| qw: Do Orc after clearing Dungeon:15 true
     0 | D:1      | 0 ||| qw: Do second Lair branch before Depths: true
     0 | D:1      | 0 ||| qw: Lair rune preference: random
     0 | D:1      | 0 ||| qw: Goals: Normal
     0 | D:1      | 0 ||| PLANNING D:1-11
   130 | D:1      | Reached XP level 2. HP: 17/17 MP: 2/2
   194 | D:1      | 194 ||| Stepping ~*~*~tactically~*~*~ (outnumbered).
   431 | D:1      | Reached XP level 3. HP: 21/21 MP: 3/3
   535 | D:1      | Reached skill level 5 in Ranged Weapons
   630 | D:1      | 630 ||| UPGRADING to ring of see invisible.
   631 | D:1      | 631 ||| READING scroll labelled ZIUGOH ZUSM.
   632 | D:1      | 632 ||| READING scroll labelled XUNIPH DELOH.
   633 | D:1      | 633 ||| READING scroll labelled BOATOFO PEANOQID.
   638 | D:1      | 638 ||| READING scroll labelled DIRPHA RYKE.
   639 | D:1      | 639 ||| DRINKING 2 viscous cyan potions.
   744 | D:1      | 744 ||| DROPPING scroll of butterflies.
   745 | D:1      | 745 ||| DROPPING potion of berserk rage.
   996 | D:2      | Identified the +6 chain mail of the Iron City of Dis {rElec
                  | Int+3 Dex+2}
  1014 | D:2      | Reached skill level 3 in Fighting
  1133 | D:2      | Reached XP level 4. HP: 27/28 MP: 4/4
  1640 | D:2      | 1640 ||| UPGRADING to +0 ring mail.
  1650 | D:2      | 1650 ||| DROPPING +0 leather armour.
  1651 | D:2      | 1651 ||| DROPPING ring of magical power.
  1652 | D:2      | 1652 ||| READING scroll labelled TUDOZXU RUOKKU.
  1653 | D:2      | 1653 ||| READING scroll labelled XONLOLOTIDA.
  1654 | D:2      | 1654 ||| DRINKING 2 white potions.
  1655 | D:2      | 1655 ||| DRINKING 2 purple potions.
  1746 | D:3      | Noticed Ijyb
  1749 | D:3      | Blown up by Ijyb

Levels and vault maps discovered:
D:1:      eino_arrival_water_cross, layout_basic
D:2:      minmay_spotlight, layout_loops_corners, minmay_joined_circles
D:3:      layout_basic, overflow_temple_1_default,
          chequers_ecumenical_altar_grove, grunt_ministairs_12,
          chequers_mini_garden, uniq_terence, uniq_ijyb, uniq_jessica

Skill      XL: |  1  2  3 |
---------------+----------+-----
Ranged Weapons | 5 |  5.6
Fighting       | 3 |  3.0
Armour         | |  0.2
Dodging        | |  1.5
Stealth        | |  1.1

Action                     |  1- 3 |  4- 6 || total
---------------------------+-------+-------++-------
   Fire: Shortbow          |   110 |    65 ||   175
    Use: Scroll            |     4 |     2 ||     6
         Potion            |     1 |     2 ||     3
 Armour: Leather armour    |    34 |    12 ||    46
  Dodge: Dodged            |    41 |    12 ||    53

Table legend:
 A = Non-vault XP
 B = Vault XP
 C = Vault XP percentage of total XP
 D = Non-vault monster count
 E = Vault monster count
 F = Vault count percentage of total count
                 A         B        C        D         E       F
            +---------+---------+-------+---------+---------+-------
      Total |     106 |      34 |  24.3 |      46 |      12 |  20.7
            +---------+---------+-------+---------+---------+-------
        D:1 |      40 |       0 |   0.0 |      21 |       0 |   0.0
        D:2 |      62 |      34 |  35.4 |      23 |      12 |  34.3
        D:3 |       4 |       0 |   0.0 |       2 |       0 |   0.0
            +---------+---------+-------+---------+---------+-------
